Map: Deathaura LE

Players

soul

  • Race: Terran Terran
  • League: Grandmaster
  • Spawn Location: 11:00

LiquidClem (Clem) - Winner!

  • Race: Terran Terran
  • League: Grandmaster
  • Spawn Location: 5:00

Event: DreamHack SC2 Masters 2020 Fall

VOD

Have the link to the VOD?

Description

Time

  • Played on: Sept. 2, 2020, 12:15 p.m.
  • Length: 4:30

All games in this series

Show
View Real Time Build Order
Export as new Build Order

soul Terran 

Build Orders:  

Get SALT Encoding   

  12  0:00  SCV  
  13  0:12  SCV  
  14  0:17  Supply Depot  
  14  0:24  SCV  
  15  0:38  SCV  
  15  0:39  Barracks  
  16  0:43  Refinery  
  16  0:50  SCV  
  17  0:59  Barracks  
  17  1:03  SCV  
  18  1:15  SCV  
  19  1:26  Reaper  
  19  1:27  Orbital Command  
  19  1:32  Supply Depot  
  20  1:47  Reaper  
  21  1:53  SCV  
  22  2:02  Reaper  
  22  2:05  SCV  
  24  2:12  Command Center  
  24  2:17  SCV  
  24  2:21  Refinery, Reaper  
  26  2:29  SCV  
  27  2:34  Supply Depot  
  27  2:39  Reaper  
  27  2:41  SCV  
  29  2:56  Command Center  
  29  3:00  SCV  
  29  3:02  Barracks Reactor  
  30  3:12  SCV  
  31  3:16  Barracks Tech Lab  
  31  3:20  Factory  
  31  3:24  SCV  
  30  3:30  Bunker  
  30  3:33  Orbital Command  
  30  3:39  Marauder, Marine  
  32  3:48  Marine  
  31  3:52  SCV  
  29  3:57  Marine  
  29  3:59  SCV, Marine  
  32  4:06  Marine  
  33  4:15  SCV  
Show
View Real Time Build Order
Export as new Build Order

LiquidClem Terran - Winner!

Build Orders:  

Get SALT Encoding   

  12  0:00  SCV  
  13  0:12  SCV  
  14  0:16  Supply Depot  
  14  0:24  SCV  
  15  0:38  SCV  
  15  0:39  Barracks  
  15  0:42  Refinery  
  16  0:50  SCV  
  16  0:55  Refinery  
  17  1:02  SCV  
  18  1:14  SCV  
  19  1:27  Orbital Command, Supply Depot  
  19  1:28  Reaper  
  20  1:40  Factory  
  20  1:53  SCV  
  21  2:00  Reaper  
  22  2:05  SCV  
  23  2:17  Command Center  
  23  2:19  SCV  
  24  2:25  Hellion  
  26  2:33  SCV, Barracks Reactor  
  26  2:36  Supply Depot  
  27  2:44  Starport  
  27  2:50  Hellion  
  29  2:53  SCV  
  30  3:05  SCV  
  31  3:10  Marine  
  31  3:11  Factory Tech Lab, Marine  
  33  3:17  SCV  
  34  3:22  Starport Tech Lab  
  34  3:24  Refinery  
  34  3:28  Orbital Command  
  34  3:29  SCV  
  34  3:33  Cyclone  
  38  3:34  Marine  
  38  3:37  Marine  
  40  3:42  Raven  
  40  3:46  SCV  
  43  3:56  SCV, Supply Depot  
  43  3:57  Marine x2  
  43  3:58  SCV  
  47  4:10  SCV  
  47  4:19  Supply Depot  

Tags
 
Add a new tag
Caveats
  • Supply blocks, unpowered buildings, or Contaminate may cause inaccurate times.
  • Supply counts are checked every 10 seconds.